 Dungeon Crawl Stone Soup version 0.31-a0-222-gefeffbb62a (webtiles) character file.

Game seed: 7909851883594321594

72 coffeetime the Grasshopper (level 4, 0/38 HPs)
             Began as a Gnoll Warper on July 5, 2023.
             Killed from afar by Natasha (6 damage)
             ... with a magic dart
             ... on level 1 of the Dungeon.
             The game lasted 00:05:26 (1745 turns).

coffeetime the Grasshopper (Gnoll Warper)           Turns: 1745, Time: 00:05:27

Health: 0/38       AC:  4    Str: 10    XL:     4   Next: 25%
Magic:  10/11      EV: 12    Int: 14    God:
Gold:   57         SH:  5    Dex: 12    Spells: 9/13 levels left

rFire   . . .        a - +0 spear
rCold   . . .        k - +2 buckler
rNeg    . . .        b - +0 leather armour
rPois   .            (no helmet)
rElec   .            (no cloak)
rCorr   .            f - +0 pair of gloves
SInv    .            (no boots)
Will    .....        (no amulet)
Stlth   +            (no ring)
HPRegen 0.26/turn    (no ring)
MPRegen 0.12/turn

%: no passive effects
@: no status effects
A: fangs 1, strong nose, distributed training
a: no special abilities


You were on level 1 of the Dungeon.
You visited 1 branch of the dungeon, and saw 2 of its levels.

You collected 57 gold pieces.

Inventory:

Hand Weapons
 a - a +0 spear (weapon)
 g - a +0 sling
Missiles
 d - 4 boomerangs of dispersal (quivered)
 e - 4 poisoned darts
 j - 28 stones
Armour
 b - a +0 leather armour (worn)
 f - a +0 pair of gloves (worn)
 k - a +2 buckler (worn)
Scrolls
 c - a scroll of blinking
 m - a scroll of enchant armour {unknown}
 p - a scroll of identify {unknown}
Potions
 h - a potion of haste {unknown}
 i - a potion of ambrosia {unknown}
 l - 2 potions of curing {unknown}
 n - a potion of brilliance {unknown}
 o - a potion of degeneration {unknown}


   Skills:
 + Level 4.6 Fighting
 + Level 1.1 Short Blades
 + Level 1.1 Long Blades
 + Level 1.1 Axes
 + Level 1.1 Maces & Flails
 + Level 4.6 Polearms
 + Level 1.1 Staves
 + Level 1.1 Ranged Weapons
 + Level 2.7 Throwing
 + Level 2.7 Armour
 + Level 4.6 Dodging
 + Level 1.1 Stealth
 + Level 1.1 Shields
 + Level 1.1 Unarmed Combat
 + Level 5.1 Spellcasting
 + Level 0.9 Conjurations
 + Level 0.9 Hexes
 + Level 0.9 Summonings
 + Level 0.9 Necromancy
 + Level 5.4 Translocations
 + Level 0.9 Transmutations
 + Level 0.9 Fire Magic
 + Level 0.9 Ice Magic
 + Level 0.9 Air Magic
 + Level 0.9 Earth Magic
 + Level 0.9 Poison Magic
 + Level 1.2 Invocations
 + Level 1.1 Evocations


You had 9 spell levels left.
You knew the following spells:

 Your Spells              Type           Power      Damage    Failure   Level
a - Blink                 Tloc           36%        N/A       5%          2
b - Lesser Beckoning      Tloc           36%        N/A       5%          2

Your spell library contained the following spells:

 Spells                   Type           Power      Damage    Failure   Level
 Teleport Other           Tloc           18%        N/A       11%         3
 Beastly Appendage        Tmut           12%        N/A       24%         1
 Sandblast                Erth           12%        2d6       24%         1
 Vhi's Electric Charge    Tloc/Air       24%        N/A       28%         3
 Passwall                 Tmut/Erth      5%         N/A       34%         2
 Manifold Assault         Tloc           18%        N/A       34%         4
 Stone Arrow              Conj/Erth      12%        3d7       56%         3
 Arcjolt                  Conj/Air       3%         1d13      100%        5
 Plasma Beam              Fire/Air       3%         2x1d13    100%        6


Dungeon Overview and Level Annotations

Branches:
Dungeon (2/15)

Altars:
Makhleb

Annotations:
D:1 Natasha
D:2 1 runed translucent door, Crazy Yiuf


Innate Abilities, Weirdness & Mutations

You have very sharp teeth.
Your uncanny sense of smell can sniff out nearby items.
Your experience applies equally to all skills.


Message History

You hit Natasha but do no damage. You bite Natasha, but do no damage.
Natasha is moderately wounded.
The cerulean imp hits you but does no damage.
You hit Natasha.
Natasha is heavily wounded.
Natasha closely misses you.
The cerulean imp hits you from afar with a +1 spear.
You hit Natasha but do no damage.
Natasha is heavily wounded.
Natasha wildly gestures.
Natasha shimmers violently.
Natasha closely misses you. The cerulean imp closely misses you.
You hit Natasha. Your bite misses Natasha.
Natasha is severely wounded.
Natasha stares at you and mumbles some strange words.
You resist with some effort.
The cerulean imp hits you from afar with a +1 spear.
You barely miss Natasha.
Natasha is severely wounded.
Natasha mumbles some strange words.
The cerulean imp misses you.
You hit Natasha but do no damage.
Natasha is severely wounded.
Natasha claws you.
* * * LOW HITPOINT WARNING * * *
The cerulean imp hits you from afar with a +1 spear.
* * * LOW HITPOINT WARNING * * *
The cerulean imp closely misses you.
Natasha casts a spell.
The cerulean imp hits you from afar with a +1 spear.
* * * LOW HITPOINT WARNING * * *
The cerulean imp misses you.
You climb upwards.
The cerulean imp disappears in a puff of smoke! x3
There is a stone staircase leading down here.
You hit Natasha.
Natasha is almost dead.
Natasha stares at you and mumbles some strange words.
The magic dart hits you.
You die...

#.#.....#.##...##.#...#
#.####.##.##.....#...##
#.......#.##...##...##
###########..#.##.......##
......# #.....#.#######
#####.#
##....#.###############
....#.#
#.....................
###.#.#
#....#.###############
....#.# #...h@.#........#
.####.###########.#.######.#
................#.#.# ####.#
.####.#########.#.#.# #....#
.# #...........#.#.# #.####
.# #############.#.###.# †#
#..†....# .# ###.##### .#
#.#


You could see Natasha.

Vanquished Creatures
  Terence (D:2)
  An adder (D:1)
  2 dart slugs
  11 ball pythons
  4 bats
  3 endoplasms
  A giant cockroach (D:2)
  2 hobgoblins (D:1)
  4 jackals
  A frilled lizard (D:2)
  3 kobolds (D:1)
  4 rats
37 creatures vanquished.

Notes
Turn   | Place    | Note
-------+----------+-------------------------------------------
     0 | D:1      | coffeetime the Gnoll Warper began the quest for the Orb.
     0 | D:1      | Reached XP level 1. HP: 20/20 MP: 6/6
    89 | D:1      | Found a faded altar of an unknown god.
   137 | D:1      | Got Plato's Cyclopedia of the Shapeshifter
   335 | D:1      | Reached XP level 2. HP: 26/26 MP: 7/7
   766 | D:1      | Reached skill level 5 in Spellcasting
   766 | D:1      | Reached XP level 3. HP: 31/31 MP: 7/9
   889 | D:2      | Noticed Natasha
  1022 | D:2      | Found a runed translucent door.
  1023 | D:2      | Noticed Crazy Yiuf
  1065 | D:2      | Learned a level 2 spell: Blink
  1068 | D:2      | Learned a level 2 spell: Lesser Beckoning
  1173 | D:2      | Noticed Terence
  1201 | D:2      | Killed Terence
  1202 | D:2      | Reached skill level 1 in Short Blades
  1202 | D:2      | Reached skill level 1 in Long Blades
  1202 | D:2      | Reached skill level 1 in Axes
  1202 | D:2      | Reached skill level 1 in Maces & Flails
  1202 | D:2      | Reached skill level 1 in Staves
  1202 | D:2      | Reached skill level 1 in Ranged Weapons
  1202 | D:2      | Reached skill level 1 in Stealth
  1202 | D:2      | Reached skill level 1 in Shields
  1202 | D:2      | Reached skill level 1 in Unarmed Combat
  1202 | D:2      | Reached skill level 1 in Invocations
  1202 | D:2      | Reached skill level 1 in Evocations
  1218 | D:2      | Found a burning altar of Makhleb.
  1265 | D:2      | Reached XP level 4. HP: 38/38 MP: 11/11
  1745 | D:1      | Killed from afar by Natasha

Illustrated notes

Levels and vault maps discovered:
D:1:      elethiomel_arrival_infinity_welcomes_careful_drivers, layout_basic,
          shapermc_ecumenical_altar_rom_forum
D:2:      layout_rooms, basic_altar, uniq_terence, uniq_crazy_yiuf_cottage,
          uniq_natasha

Skill      XL: |  1  2  3 |
---------------+----------+-----
Spellcasting   | 5 |  5.1
Short Blades   | 1 |  1.1
Long Blades    | 1 |  1.1
Axes           | 1 |  1.1
Maces & Flails | 1 |  1.1
Staves         | 1 |  1.1
Ranged Weapons | 1 |  1.1
Stealth        | 1 |  1.1
Shields        | 1 |  1.1
Unarmed Combat | 1 |  1.1
Invocations    | 1 |  1.2
Evocations     | 1 |  1.1
Fighting       | |  4.6
Polearms       | |  4.6
Throwing       | |  2.7
Armour         | |  2.7
Dodging        | |  4.6
Conjurations   | |  0.9
Hexes          | |  0.9
Summonings     | |  0.9
Necromancy     | |  0.9
Translocations | |  5.4
Transmutations | |  0.9
Fire Magic     | |  0.9
Ice Magic      | |  0.9
Air Magic      | |  0.9
Earth Magic    | |  0.9
Poison Magic   | |  0.9

Action                     |  1- 3 |  4- 6 || total
---------------------------+-------+-------++-------
  Melee: Spear             |   124 |    48 ||   172
         Bite              |     8 |     4 ||    12
  Throw: Boomerang         |       |     3 ||     3
   Cast: Blink             |       |     3 ||     3
         Lesser Beckoning  |       |     1 ||     1
   Stab: Sleeping          |     1 |       ||     1
 Armour: Leather armour    |    28 |    19 ||    47
  Dodge: Dodged            |    57 |    55 ||   112
  Block: Buckler           |    11 |    18 ||    29

Table legend: (Time is in decaauts)
 A = Elapsed time spent in this place.
 B = Non-inter-level travel time spent in this place.
 C = Inter-level travel time spent in this place.
 D = Time resting spent in this place.
 E = Time spent auto-exploring this place.
 F = Levels seen in this place.
 G = Mean time per level.
                   A        B        C        D        E       F      G
               +--------+--------+--------+--------+--------+-----+--------+
         Total |   1733 |   1531 |    202 |    140 |    961 |   2 |  866.5 |
       Dungeon |   1733 |   1531 |    202 |    140 |    961 |   2 |  866.5 |
               +--------+--------+--------+--------+--------+-----+--------+

Top non-repeatable levels by time:
     D:1: 1225 daAuts
     D:2: 507 daAuts
